 Dungeon Crawl Stone Soup version 0.31-a0-1388-g4b2ba238e7 (webtiles) character file.

Game seed: 6622064507832334239

1019 Loonster the Grappler (level 8, 0/68 HPs)
             Began as a Troll Shapeshifter on Dec 24, 2023.
             Was an Initiate of Ru.
             Slain by a black bear (7 damage)
             ... on level 5 of the Dungeon.
             The game lasted 00:03:53 (3326 turns).

Loonster the Grappler (Troll Shapeshifter)          Turns: 3326, Time: 00:03:53

Health: 0/68       AC:  4    Str: 25    XL:     8   Next: 2%
Magic:  7/7        EV:  9    Int:  6    God:    Ru [......]
Gold:   286        SH:  0    Dex:  9    Spells: 7/7 levels left

rFire   . .          .
                       - Unarmed
rCold   . . .        (no shield)
rNeg    . . .        a - +0 animal skin
rPois   .            (helmet currently unavailable)
rElec   .            (cloak currently unavailable)
rCorr   .            (gloves unavailable)
SInv    .            (boots unavailable)
Will    .....        (no amulet)
Stlth   +            (no ring)
HPRegen 1.11/turn    (no ring)
MPRegen 0.10/turn

%: no passive effects
@: beast-form
A: beast (slay +1), large, unfitting armour, claws 3, regeneration 1, shaggy fur
1, tough skin 1
a: Begin Untransformation, Renounce Religion, Sacrifice Durability, Sacrifice
Skill, Sacrifice Nimbleness, Reject Sacrifices


You were on level 5 of the Dungeon.
You worshipped Ru.
Ru was noncommittal.
You were a hulking beast.
You visited 1 branch of the dungeon, and saw 5 of its levels.

You collected 286 gold pieces.

Inventory:

Missiles
 t - a throwing net
Armour
 a - a +0 animal skin (worn)
 x - a +1 cloak
Jewellery
 j - a ring of wizardry
Talismans
 c - a beast talisman
 d - a flux talisman
Wands
 C - a wand of paralysis (6)
Scrolls
 e - 2 scrolls of blinking {unknown}
 f - 2 scrolls of vulnerability {unknown}
 g - a scroll of fog {unknown}
 m - a scroll of enchant armour {unknown}
 n - 2 scrolls of revelation {unknown}
 o - a scroll of butterflies {unknown}
 p - 2 scrolls of enchant weapon {unknown}
 r - a scroll of immolation {unknown}
 s - a scroll of teleportation {unknown}
 u - a scroll of amnesia {unknown}
 w - 6 scrolls of identify {unknown}
 y - 2 scrolls of noise {unknown}
 z - 2 scrolls of poison {unknown}
Potions
 b - 4 potions of lignification
 h - a potion of enlightenment {unknown}
 i - 5 potions of heal wounds {unknown}
 k - 2 potions of curing {unknown}
 l - 2 potions of cancellation {unknown}
 q - 2 potions of berserk rage {unknown}
 v - a potion of invisibility {unknown}
 A - a potion of might {unknown}
 B - a potion of degeneration {unknown}


   Skills:
 - Level 0.8 Fighting
 - Level 1.6 Dodging
 + Level 9.8 Unarmed Combat
 - Level 3.0 Shapeshifting


You had 7 spell levels left.
You didn't know any spells.
Your spell library contained the following spells:

 Spells                   Type           Power      Damage    Failure   Level
 Apportation              Tloc           0%         N/A       45%         1
 Call Imp                 Summ           0%         N/A       58%         2
 Cigotuvi's Dreadful Rot  Necr/Alch/Air  0%         N/A       58%         2
 Ensorcelled Hibernation  Hex/Ice        0%         N/A       58%         2
 Jinxbite                 Hex            0%         N/A       58%         2
 Passwall                 Alch/Erth      0%         N/A       58%         2
 Sublimation of Blood     Necr           0%         N/A       58%         2
 Swiftness                Air            0%         N/A       83%         3
 Dispel Undead            Necr           0%         3d6       99%         4
 Alistair's Intoxication  Alch           0%         N/A       100%        5
 Death Channel            Necr           0%         N/A       100%        6
 Summon Hydra             Summ           0%         N/A       100%        7


Dungeon Overview and Level Annotations

Branches:
Dungeon (5/15)
 Temple: D:4-7

Altars:
Ashenzari
Dithmenos
Fedhas
Makhleb
Ru
Uskayaw
Vehumet
Xom

Shops:
D:4 *

Annotations:
D:5 Dowan


Innate Abilities, Weirdness & Mutations

You are a hulking beast.
Your limbs bulge with bestial killing power. (Slay +1)
You are too large for most types of armour.
You have claws for hands.
Your natural rate of healing is unusually fast.
You are covered in fur. (AC +1)
You have tough skin. (AC +1)


Message History

You scratch Duvessa but do no damage.
Duvessa is severely wounded.
Duvessa barely misses you.
You scratch Duvessa but do no damage.
Duvessa is severely wounded.
Duvessa hits you with a +0 short sword!
You scratch Duvessa but do no damage.
Duvessa is severely wounded.
Duvessa hits you with a +0 short sword.
Dowan mumbles some strange words.
Dowan blinks!
You claw Duvessa!
Duvessa is almost dead.
Duvessa hits you with a +0 short sword!
Dowan points at you and mumbles some strange words.
The puff of frost hits you!
You are too injured to fight recklessly!
You are too injured to fight recklessly!
You are too injured to fight recklessly!
You are too injured to fight recklessly!
You scratch Duvessa.
You kill Duvessa!
Dowan screams, "No!
Oh no!"
Dowan seems to find hidden reserves of power!
Dowan barely misses you.
You have reached level 8!
You barely miss Dowan. Dowan hits you with a +0 dagger.
You mangle Dowan!!
Dowan is almost dead.
Dowan points at you and mumbles some strange words.
The shard of ice hits you!!
* * * LOW HITPOINT WARNING * * *
The black bear bites you but does no damage.
The black bear claws you.
* * * LOW HITPOINT WARNING * * *
The black bear barely misses you.
You barely miss Dowan.
Dowan is almost dead.
Dowan hits you but does no damage. The black bear bites you!
You die...

#.............## #...##
####.......†#.##<.####.#.##
#...........#.###...#..#...
#..........##.#####........
#.................##..#..##
#.......####..###.....#..##
############.## #####....##
#.e..# #..... #h##.#
..##.#. #h# ... .## .## ..§
.§.§. . # ...§§≈§≈§≈.
#...§§.§§§.. ....≈.#.###.
##.#.≈.#.. #.#.≈.# _.


You could see a black bear and Dowan (fast).

Vanquished Creatures
  Grinder (D:4)
  Duvessa (D:5)
  2 ogres (D:5)
  A kobold brigand (D:5)
  2 scorpions
  A hound (D:5)
  4 iguanas
  A sleepcap (D:5)
  2 orc wizards (D:4)
  Robin (D:3)
  4 adders
  A worm (D:2)
  2 dart slugs (D:2)
  9 orcs
  6 endoplasms
  2 giant cockroaches
  11 hobgoblins
  3 jackals (D:5)
  8 kobolds
  3 quokkas
  7 ball pythons
  6 bats
  4 frilled lizards
  13 goblins
  3 rats
98 creatures vanquished.

Notes
Turn   | Place    | Note
-------+----------+-------------------------------------------
     0 | D:1      | Loonster the Troll Shapeshifter began the quest for the
                  | Orb.
     0 | D:1      | Reached XP level 1. HP: 18/18 MP: 0/0
   641 | D:2      | Reached XP level 2. HP: 24/26 MP: 1/1
   675 | D:2      | Found a shimmering altar of Xom.
   790 | D:2      | Reached skill level 4 in Unarmed Combat
   890 | D:2      | Reached XP level 3. HP: 32/32 MP: 2/2
  1377 | D:3      | Noticed Robin
  1385 | D:3      | Killed Robin
  1403 | D:3      | Reached XP level 4. HP: 17/40 MP: 3/3
  1412 | D:3      | Found a faded altar of an unknown god.
  1454 | D:3      | Noticed a scorpion
  1461 | D:3      | Killed a scorpion
  1462 | D:3      | Reached skill level 5 in Unarmed Combat
  1482 | D:3      | Found a blossoming altar of Fedhas.
  1485 | D:3      | Found a hide-covered altar of Uskayaw.
  1489 | D:3      | Found a radiant altar of Vehumet.
  1599 | D:3      | Reached XP level 5. HP: 37/46 MP: 4/4
  2008 | D:4      | Reached skill level 6 in Unarmed Combat
  2024 | D:4      | Found a sacrificial altar of Ru.
  2046 | D:4      | Noticed Grinder
  2053 | D:4      | Became a worshipper of Ru the Awakened
  2063 | D:4      | Paralysed by Grinder for 4 turns
  2081 | D:4      | Killed Grinder
  2082 | D:4      | Reached skill level 7 in Unarmed Combat
  2082 | D:4      | Reached XP level 6. HP: 10/54 MP: 5/5
  2361 | D:4      | Found Mistumpir's Assorted Antiques.
  2889 | D:5      | Entered Level 5 of the Dungeon
  2925 | D:5      | Found a broken altar of Ashenzari.
  2936 | D:5      | Reached skill level 8 in Unarmed Combat
  2936 | D:5      | Reached XP level 7. HP: 28/61 MP: 6/6
  3055 | D:5      | Reached skill level 9 in Unarmed Combat
  3105 | D:5      | Found a burning altar of Makhleb.
  3312 | D:5      | Noticed Duvessa
  3314 | D:5      | Noticed Dowan
  3315 | D:5      | Found a shadowy altar of Dithmenos.
  3323 | D:5      | Killed Duvessa
  3324 | D:5      | Reached XP level 8. HP: 31/68 MP: 7/7
  3326 | D:5      | Slain by a black bear

Illustrated notes

Levels and vault maps discovered:
D:1:      nagdon_arrival_double_spiral, layout_basic, minmay_pentomino_x2
D:2:      layout_loops_ring, basic_altar, minmay_stone_trees_small,
          hangedman_decor_push
D:3:      layout_loops_ring, grunt_temple_overflow_diamond,
          shapermc_ecumenical_altar_pompeii, uniq_robin
D:4:      layout_gridville, nicolae_ru_great_annihilating_truth, serial_shops,
          shop_statue, uniq_grinder
D:5:      layout_rooms, mainiacjoe_overflow_brackets,
          mainiacjoe_overflow_boulevard, makhleb_heckhound_becter, uniq_duvessa

Skill      XL: |  1  2  3  4  5  6  7 |
---------------+----------------------+-----
Unarmed Combat | 4 5 7 8 9 |  9.8
Fighting       | |  0.8
Dodging        | |  1.6
Shapeshifting  | |  3.0

Action                     |  1- 3 |  4- 6 |  7- 9 || total
---------------------------+-------+-------+-------++-------
  Melee: Unarmed           |    94 |    90 |    50 ||   234
         Punch             |     3 |     2 |     2 ||     7
   Stab: Sleeping          |       |     1 |       ||     1
 Armour: Animal skin       |    64 |    42 |    37 ||   143
  Dodge: Dodged            |    35 |    34 |    17 ||    86

Table legend: (Time is in decaauts)
 A = Elapsed time spent in this place.
 B = Non-inter-level travel time spent in this place.
 C = Inter-level travel time spent in this place.
 D = Time resting spent in this place.
 E = Time spent auto-exploring this place.
 F = Levels seen in this place.
 G = Mean time per level.
                   A        B        C        D        E       F      G
               +--------+--------+--------+--------+--------+-----+--------+
         Total |   3298 |   3221 |     77 |     14 |   2646 |   5 |  659.6 |
       Dungeon |   3298 |   3221 |     77 |     14 |   2646 |   5 |  659.6 |
               +--------+--------+--------+--------+--------+-----+--------+

Top non-repeatable levels by time:
     D:4: 879 daAuts
     D:2: 680 daAuts
     D:3: 674 daAuts
     D:1: 636 daAuts
     D:5: 427 daAuts
